 Dungeon Crawl Stone Soup version 0.32-a0-960-g3814254bd7 (webtiles) character file.

Game seed: 16662035701370874818

491 Ajdolov the Magician (level 6, -2/41 HPs)
             Began as a Mummy Ice Elementalist on Apr 17, 2024.
             Slain by a gnoll sergeant (8 damage)
             ... on level 4 of the Dungeon.
             The game lasted 00:06:00 (3668 turns).

Ajdolov the Magician (Mummy Ice Elementalist)       Turns: 3668, Time: 00:06:01

Health: -2/41      AC:  2    Str: 17    XL:     6   Next: 91%
Magic:  6/15       EV: 11    Int: 16    God:
Gold:   128        SH:  0    Dex: 13    Spells: 8/18 levels left

rFire   x . .        e - +2 dagger (speed)
rCold   + . .        (no shield)
rNeg    + + +        a - +0 robe
rPois   ∞            (no helmet)
rElec   .            (no cloak)
rCorr   .            (no gloves)
SInv    .            (no boots)
Will    .....        (no amulet)
Stlth   ++           j - +6 ring of strength
HPRegen 0.26/turn    (no ring)
MPRegen 0.14/turn

%: faith
@: freezing walls, very slightly contaminated
A: cold resistance 1, negative energy resistance 3, torment resistance 2, heat
vulnerability 1, in touch with death 1, no potions, faith
a: no special abilities


You were on level 4 of the Dungeon.
You visited 1 branch of the dungeon, and saw 4 of its levels.

You collected 128 gold pieces.

Inventory:

Hand Weapons
 e - a +2 dagger of speed (weapon)
Armour
 a - a +0 robe (worn)
Magical Staves
 i - a staff of earth
Jewellery
 j - a +6 ring of strength (left hand)
Wands
 c - a wand of mindburst (12)
 f - a wand of flame (14)
 h - a wand of digging (4)
Scrolls
 b - 2 scrolls of fog {unknown}
 d - 3 scrolls of identify {unknown}
 g - 2 scrolls of fear {unknown}


   Skills:
 - Level 1.5 Dodging
 - Level 1.5 Stealth
 + Level 6.7 Spellcasting
 + Level 5.4 Ice Magic


You had 8 spell levels left.
You knew the following spells:

 Your Spells              Type           Power      Damage    Failure   Level
a - Freeze                Ice            88%        1d9       1%          1
b - Frozen Ramparts       Ice            44%        1d7       4%          3
c - Ozocubu's Armour      Ice            22%        N/A       4%          3
d - Summon Ice Beast      Ice/Summ       14%        N/A       13%         3

Your spell library contained the following spells:

 Spells                   Type           Power      Damage    Failure   Level
 Sigil of Binding         Hex            5%         N/A       36%         3
 Anguish                  Hex/Necr       4%         N/A       77%         4
 Cause Fear               Hex            2%         N/A       77%         4
 Enfeeble                 Hex            2%         N/A       100%        7


Dungeon Overview and Level Annotations

Branches:
Dungeon (4/15)
 Temple: D:4-7

Altars:

Shops:
D:4 =

Annotations:
D:4 2 transporters, ouz's ghost, novice FoFi


Innate Abilities, Weirdness & Mutations

You are immune to poison.
Your flesh is cold resistant. (rC+)
You are immune to negative energy. (rN+++)
You are immune to unholy pain and torment.
You are vulnerable to heat. (rF-)
You are in touch with the powers of death.
You do not drink.
You have a special connection with the divine. (Faith)


Message History

HP restored.
Magic restored.
A hobgoblin is nearby!
You see here a metallic puce potion.
The gnoll sergeant shoots an arrow.
The arrow hits you!
The gnoll sergeant shoots an arrow.
The arrow closely misses you.
You see here a hobgoblin corpse.
The gnoll sergeant shoots an arrow.
The arrow hits you!
You see here an orc corpse.
You start resting.
A gnoll sergeant is nearby!
Casting: Frozen Ramparts (dangerous; 4% risk of failure)
Confirm with . or Enter, or press ? or * to list all spells.
Casting: Frozen Ramparts (dangerous; 4% risk of failure)
Press: ? - help, Dir - look around, f - activate You miscast Frozen Ramparts.
You are very lightly contaminated with residual magic.
Nothing appears to happen.
The gnoll sergeant unwields a +9 orcbow.
The gnoll sergeant barely misses you.
Unknown command.
Casting: Frozen Ramparts (dangerous; 4% risk of failure)
Confirm with . or Enter, or press ? or * to list all spells.
Casting: Frozen Ramparts (dangerous; 4% risk of failure)
Press: ? - help, Dir - look around, f - activate You miscast Frozen Ramparts.
You feel uncomfortably cold. You resist.
* * * LOW HITPOINT WARNING * * *
Unknown command.
Casting: Frozen Ramparts (dangerous; 4% risk of failure)
Confirm with . or Enter, or press ? or * to list all spells.
Casting: Frozen Ramparts (dangerous; 4% risk of failure)
Press: ? - help, Dir - look around, f - activate The walls around you are covered in ice.
The wall freezes the gnoll sergeant but does no damage.
The gnoll sergeant hits you!
* * * LOW HITPOINT WARNING * * *
You closely miss the gnoll sergeant.
The wall freezes the gnoll sergeant but does no damage.
The gnoll sergeant hits you!
You die...

.©#..# #.# #.#.# ..#..#
####### #.#.### ..#..#
###.....# #......
..#..## ...'g#.#.#
#.#.### ..#...##
##.#..#..# #.#.###
..#....# # .#.#.#.#
#.#.... ..#..###
.g#...[.# #.#####
..#....##' ######g##
#.# # ..#..##.#
lg#...@.†# #.# #
..#..#.##
#o#.#..#.########.#####
..#...##
#..##..##............
###..##
#.)##..#........#####
.....#
'..#.#..#.##########
.....# #..#...÷.!#
###### #########.#
##.###.# #<.....#


You could see a gnoll sergeant.

Vanquished Creatures
  A water moccasin (D:3)
  A scorpion (D:4)
  A bombardier beetle (D:4)
  An orc priest (D:3)
  2 hounds (D:4)
  2 iguanas (D:4)
  Terence (D:2)
  An orc wizard (D:4)
  Robin (D:2)
  An adder (D:2)
  3 ribbon worms
  3 dart slugs
  5 orcs
  6 ball pythons
  2 endoplasms
  A giant cockroach (D:3)
  16 goblins
  11 hobgoblins
  A jackal (D:4)
  5 kobolds
  4 quokkas
  4 bats
  2 rats
75 creatures vanquished.

Notes
Turn   | Place    | Note
-------+----------+-------------------------------------------
     0 | D:1      | Ajdolov the Mummy Ice Elementalist began the quest for the
                  | Orb.
     0 | D:1      | Reached XP level 1. HP: 13/13 MP: 4/4
   100 | D:1      | Reached skill level 3 in Spellcasting
   125 | D:1      | Reached XP level 2. HP: 18/19 MP: 1/6
   746 | D:2      | Found a faded altar of an unknown god.
   746 | D:2      | Noticed Robin
   828 | D:2      | Noticed Terence
   841 | D:2      | Killed Terence
   842 | D:2      | Reached skill level 4 in Spellcasting
   842 | D:2      | Reached XP level 3. HP: 2/24 MP: 0/8
  1269 | D:2      | Reached XP level 4. HP: 30/30 MP: 5/10
  1344 | D:2      | Killed Robin
  1421 | D:2      | Learned a level 3 spell: Frozen Ramparts
  1425 | D:2      | Learned a level 3 spell: Ozocubu's Armour
  1429 | D:2      | Learned a level 3 spell: Summon Ice Beast
  1584 | D:2      | Identified the +3 ring mail of the Arena {rN++ rCorr Dex+2}
  1935 | D:3      | Reached skill level 5 in Spellcasting
  1935 | D:3      | Reached XP level 5. HP: 24/35 MP: 2/12
  2123 | D:3      | Noticed a water moccasin
  2138 | D:3      | Killed a water moccasin
  2665 | D:4      | Found Guxuu's Jewellery Boutique.
  2705 | D:4      | Found a transporter.
  2708 | D:4      | Found a transporter.
  2709 | D:4      | Noticed ouz's ghost (novice FoFi)
  2739 | D:4      | Reached XP level 6. HP: 23/41 MP: 7/14
  2960 | D:4      | Reached skill level 6 in Spellcasting
  2960 | D:4      | Reached skill level 5 in Ice Magic
  3668 | D:4      | Slain by a gnoll sergeant

Illustrated notes

Levels and vault maps discovered:
D:1:      amcnicky_arrival_choice, layout_rooms, hangedman_glass_teeth
D:2:      layout_rooms, hellmonk_ecumenical_altar_slurped_away, st_stairs_1,
          hangedman_decor_riveting, uniq_robin, uniq_terence
D:3:      layout_loops_ring
D:4:      minmay_clustersquares, layout_loops_ring, mainiacjoe_overflow_paths,
          gammafunk_ghost_mausoleum, serial_shops, shop, serial_bayou_pond_d,
          grunt_decor_junction, kennysheep_generic_room_14

Skill      XL: |  1  2  3  4  5  6 |
---------------+-------------------+-----
Spellcasting   | 3 4 5 6 |  6.7
Ice Magic      | 4 5 |  5.4
Dodging        | |  1.5
Stealth        | |  1.5

Action                     |  1- 3 |  4- 6 || total
---------------------------+-------+-------++-------
  Melee: Dagger            |    17 |    43 ||    60
   Cast: Freeze            |    57 |    51 ||   108
         Frozen Ramparts   |       |    12 ||    12
         Ozocubu's Armour  |       |     6 ||     6
         Summon Ice Beast  |       |     1 ||     1
   Stab: Sleeping          |       |     2 ||     2
 Armour: Robe              |    29 |    56 ||    85
  Dodge: Dodged            |    41 |    48 ||    89

Table legend: (Time is in decaauts)
 A = Elapsed time spent in this place.
 B = Non-inter-level travel time spent in this place.
 C = Inter-level travel time spent in this place.
 D = Time resting spent in this place.
 E = Time spent auto-exploring this place.
 F = Levels seen in this place.
 G = Mean time per level.
                   A        B        C        D        E       F      G
               +--------+--------+--------+--------+--------+-----+--------+
         Total |   3651 |   3572 |     79 |    304 |   2710 |   4 |  912.8 |
       Dungeon |   3651 |   3572 |     79 |    304 |   2710 |   4 |  912.8 |
               +--------+--------+--------+--------+--------+-----+--------+

Top non-repeatable levels by time:
     D:4: 1034 daAuts
     D:2: 917 daAuts
     D:3: 907 daAuts
     D:1: 791 daAuts
